 Dungeon Crawl Stone Soup version 0.23-a0-582-g1b4a0ca (webtiles) character file.

147 Lilu the Magician (level 5, -1/29 HPs)
             Began as a Deep Elf Ice Elementalist on Dec 10, 2018.
             Was an Initiate of Gozag.
             Slain by a gnoll
             ... wielding a +0 spear
              (2 damage)
             ... on level 2 of the Dungeon on Dec 16, 2018.
             The game lasted 00:15:14 (1680 turns).

Lilu the Magician (Deep Elf Ice Elementalist)       Turns: 1680, Time: 00:15:15

Health: -1/29      AC:  2    Str:  5    XL:     5   Next: 8%
Magic:  6/13       EV: 13    Int: 21    God:    Gozag
Gold:   145        SH:  0    Dex: 15    Spells: 10/13 levels left

rFire    . . .     SeeInvis .   j - +0 short sword
rCold    . . .     Gourm    .   (no shield)
rNeg     . . .     Faith    .   a - +0 robe
rPois    .         Spirit   .   (no helmet)
rElec    .         Reflect  .   (no cloak)
rCorr    .         Harm     .   (no gloves)
MR       .....                  (no boots)
Stlth    ++........             (no amulet)
HPRegen  0.09/turn              (no ring)
MPRegen  0.13/turn              (no ring)

@: no status effects
A: no striking features
a: Potion Petition, Call Merchant, Bribe Branch, Renounce Religion


You were on level 2 of the Dungeon.
You worshipped Gozag.
Gozag was aware of your devotion.
You were not hungry.

You visited 1 branch of the dungeon, and saw 3 of its levels.

You collected 170 gold pieces.
You paid 25 gold pieces to Gozag.

Inventory:

Hand Weapons
 j - a +0 short sword (weapon)
Armour
 a - a +0 robe (worn)
Scrolls
 e - 3 scrolls of immolation {unknown}
 f - 3 scrolls of teleportation {unknown}
 h - a scroll of enchant armour {unknown}
 i - 3 scrolls of identify {unknown}
 k - a scroll of remove curse {unknown}
Potions
 b - 3 potions of haste {unknown}
 d - a potion of ambrosia {unknown}
 g - 2 potions of heal wounds {unknown}
 l - a potion of curing {unknown}
Comestibles
 c - a ration


   Skills:
 + Level 1.4 Fighting
 + Level 3.2 Dodging
 - Level 2.4 Stealth
 + Level 4.5 Spellcasting
 * Level 2.5 Conjurations
 - Level 4.1 Ice Magic


You had 10 spell levels left.
You knew the following spells:

 Your Spells              Type           Power        Failure   Level  Hunger
a - Freeze                Ice            ###.         1%          1    None
b - Throw Frost           Conj/Ice       ###...       4%          2    #......

Your spell library contained the following spells:

 Spells                   Type           Power        Failure   Level  Hunger
 Ozocubu's Armour         Chrm/Ice       ##......     14%         3    ##.....
 Throw Icicle             Conj/Ice       ###.....     28%         4    ####...
 Summon Ice Beast         Ice/Summ       ##......     43%         4    ####...


Dungeon Overview and Level Annotations

Branches:
Dungeon (3/15)

Altars:
Gozag
Kikubaaqudgha
Okawaru


Message History

Confirm with . or Enter, or press ? or * to list all spells.
Aiming: Freeze (safe; 1% risk of failure)
Press: ? - help, Shift-Dir - straight line, f/p - orc
Aim: an orc, wielding a +0 falchion and wearing a +0 leather armour (lightly You freeze the orc.
The orc is heavily wounded.
The ooze closely misses you. The orc hits you with a +0 falchion.
* * * LOW HITPOINT WARNING * * *
The hobgoblin is no longer distracted by gold.
The ooze closely misses you. The orc completely misses you.
The hobgoblin closely misses you.
You climb upwards.
There is a stone staircase leading down here.
The ooze closely misses you.
The gnoll shouts!
The gnoll hits you from afar with a +0 spear.
* * * LOW HITPOINT WARNING * * *
The gnoll hits you with a +0 spear.
You die...
Your body crumbles into a pile of gold.

######## # #......###### #######
#..>......... ......#
#......#####. ......#
##########......#####. >.....#
#....#.og..).......... ......#
#.....J######.[..##... ......####
#...g@## ##.####.... .<.......#
#....## #..####.#..
.>....##.#####..#######.#...#.#..
.#######...###..........#...#.#..
......####.......########........
#####.........................###
#............##.#####....##
#............##..####....#
#.............#..##......# #


You could see a gnoll, an ooze, an orc and a hobgoblin.

Vanquished Creatures
  Natasha (thrice) (D:2)
  A gnoll (D:1)
  An adder (D:2)
  3 worms (D:2)
  3 leopard geckos
  4 orcs (D:3)
  2 bats
  A giant cockroach (D:1)
  5 goblins (D:1)
  5 hobgoblins
  2 kobolds
  A quokka (D:2)
  5 frilled lizards (D:1)
  5 rats
41 creatures vanquished.

Notes
Turn   | Place    | Note
-------+----------+-------------------------------------------
     0 | D:1      | Lilu the Deep Elf Ice Elementalist began the quest for the
                  | Orb.
     0 | D:1      | Reached XP level 1. HP: 10/10 MP: 6/6
   163 | D:1      | Reached XP level 2. HP: 15/16 MP: 2/8
   276 | D:1      | Learned a level 2 spell: Throw Frost
   695 | D:2      | Noticed Natasha
   701 | D:2      | Killed Natasha
   701 | D:2      | Reached XP level 3. HP: 20/20 MP: 1/10
   716 | D:2      | Found an opulent altar of Gozag.
   727 | D:2      | Became a worshipper of Gozag Ym Sagoz the Greedy
   780 | D:2      | Noticed Natasha
   787 | D:2      | Killed Natasha
   787 | D:2      | Reached skill level 1 in Fighting
   787 | D:2      | Reached XP level 4. HP: 21/25 MP: 4/12
   859 | D:2      | Found an iron altar of Okawaru.
   859 | D:2      | Found an ancient bone altar of Kikubaaqudgha.
   926 | D:2      | Noticed Natasha
   929 | D:2      | Killed Natasha
  1034 | D:2      | Upgraded the game from 0.23-a0-554-gd3cbc84 to
                  | 0.23-a0-577-g2b1de94
  1572 | D:1      | Upgraded the game from 0.23-a0-577-g2b1de94 to
                  | 0.23-a0-582-g1b4a0ca
  1578 | D:1      | Reached XP level 5. HP: 7/29 MP: 9/13
  1679 | D:2      | HP: 1/29 [gnoll/+0 spear (6)]
  1680 | D:2      | Slain by a gnoll

Vault maps used:
D:1:      dpeg_arrival_round_c
D:2:      grunt_gozag_statues, gammafunk_temple_overflow_elements, hex_tiny,
          uniq_natasha
D:3:      first_ration

Skill      XL: |  1  2  3  4 |
---------------+-------------+-----
Spellcasting   | 4 |  4.5
Ice Magic      | 4 |  4.1
Fighting       | 1 |  1.4
Dodging        | 3 |  3.2
Conjurations   | 2 |  2.5
Stealth        | |  2.4

Action                   |  1- 3 |  4- 6 || total
-------------------------+-------+-------++-------
Melee: Unarmed           |    12 |       ||    12
 Cast: Freeze            |    34 |    37 ||    71
       Throw Frost       |     7 |    10 ||    17
  Eat: Ration            |       |     1 ||     1
Armor: Robe              |     2 |     4 ||     6
Dodge: Dodged            |    27 |    21 ||    48

Table legend:
 A = Non-vault XP
 B = Vault XP
 C = Vault XP percentage of total XP
 D = Non-vault monster count
 E = Vault monster count
 F = Vault count percentage of total count
                 A         B        C        D         E       F
            +---------+---------+-------+---------+---------+-------
      Total |     176 |      35 |  16.6 |      40 |       1 |   2.4
            +---------+---------+-------+---------+---------+-------
        D:1 |      52 |       0 |   0.0 |      24 |       0 |   0.0
        D:2 |     112 |      35 |  23.8 |      12 |       1 |   7.7
        D:3 |      12 |       0 |   0.0 |       4 |       0 |   0.0
            +---------+---------+-------+---------+---------+-------
